 Dungeon Crawl Stone Soup version 0.28-a0-1084-ga282ea246d (webtiles) character file.

Game seed: 3851850774556266051

1126 Quoreg the Ducker (level 7, -1/50 HPs)
             Began as a Demigod Ice Elementalist on Dec 10, 2021.
             Killed by divine providence
             ... invoked by an orc priest
              (14 damage)
             ... on level 6 of the Dungeon.
             The game lasted 00:08:03 (6158 turns).

Quoreg the Ducker (Demigod Ice Elementalist)        Turns: 6158, Time: 00:08:04

Health: -1/50      AC: 14    Str:  9    XL:     7   Next: 89%
Magic:  10/15      EV: 19    Int: 25    God:
Gold:   174        SH:  0    Dex: 14    Spells: 5/12 levels left

rFire   . . .      SeeInvis .   z - +3 war axe
rCold   . . .      Faith    .   (no shield)
rNeg    . . .      Spirit   .   a - +0 robe
rPois   .          Reflect  .   (no helmet)
rElec   .          Harm     .   o - +0 cloak
rCorr   .          Rampage  .   w - +1 pair of gloves
Will    .....                   m - +1 pair of boots
Stlth   ++........              (no amulet)
HPRegen 0.16/turn               u - ring of wizardry
MPRegen 0.14/turn               A - +4 ring of evasion

@: ice-armoured, freezing walls
A: high mp 1, forlorn, divine attributes
a: no special abilities


You were on level 6 of the Dungeon.
You visited 1 branch of the dungeon, and saw 6 of its levels.

You collected 174 gold pieces.

Inventory:

Hand Weapons
 e - a +0 spear
 z - a +3 war axe (weapon)
Armour
 a - a +0 robe (worn)
 m - a +1 pair of boots (worn)
 o - a +0 cloak (worn)
 w - a +1 pair of gloves (worn)
Jewellery
 u - a ring of wizardry (left hand)
 A - a +4 ring of evasion (right hand)
Wands
 q - a wand of paralysis (6)
 x - a wand of charming (4)
 y - a wand of mindburst (8)
 B - a wand of digging (6)
Scrolls
 b - 3 scrolls of enchant armour {unknown}
 d - a scroll of blinking {unknown}
 g - 2 scrolls of teleportation {unknown}
 i - 4 scrolls of identify {unknown}
 n - 3 scrolls of magic mapping {unknown}
 r - a scroll of amnesia {unknown}
 t - a scroll of fog {unknown}
 v - 2 scrolls of fear {unknown}
Potions
 c - a potion of ambrosia {unknown}
 f - a potion of magic {unknown}
 h - 2 potions of curing
 j - 3 potions of resistance {unknown}
 k - 3 potions of brilliance {unknown}
 l - a potion of might {unknown}
 p - a potion of lignification {unknown}
 s - a potion of heal wounds {unknown}
 C - a potion of mutation {unknown}


   Skills:
 * Level 6.5 Dodging
 - Level 1.7 Stealth
 - Level 3.4 Spellcasting
 + Level 6.2 Ice Magic


You had 5 spell levels left.
You knew the following spells:

 Your Spells              Type           Power      Damage    Failure   Level
a - Freeze                Ice            100%       1d11      1%          1
b - Frozen Ramparts       Ice            70%        1d9       1%          3
c - Ozocubu's Armour      Ice            35%        N/A       1%          3

Your spell library contained the following spells:

 Spells                   Type           Power      Damage    Failure   Level
 Shock                    Conj/Air       16%        1d4       4%          1
 Hailstorm                Conj/Ice       19%        3d6       11%         4
 Swiftness                Air            4%         N/A       12%         3
 Airstrike                Air            2%         N/A       34%         4


Dungeon Overview and Level Annotations

Branches:
Dungeon (6/15)             Temple (0/1) D:4


Innate Abilities, Weirdness & Mutations

You have an increased reservoir of magic. (+10% MP)
You shall have no god before yourself.
Your divine heritage dramatically boosts your attributes as you level up.


Message History

* * * LOW HITPOINT WARNING * * *
It was a potion of curing.
You feel better.
The wall freezes the orc.
The orc barely misses you.
The orc wizard gestures wildly while chanting.
The orc wizard flickers and vanishes!
Deactivating autopickup; reactivate with Ctrl-A.
The white imp completely resists.
The wall freezes the white imp but does no damage.
The white imp gestures at you. The puff of frost misses you.
Aiming: Charm
Press: ? - help, Shift-Dir - straight line, f - white imp
Aim: a white imp (heavily wounded, chance to affect: 54%)
The white imp resists with significant effort.
The wall freezes the orc.
You kill the orc!
The white imp completely resists.
The wall freezes the white imp but does no damage.
The white imp hits you but does no damage.
The orc priest casts a cantrip, but nothing happens.
A - a +4 ring of evasion (right hand)
The white imp completely resists.
The wall freezes the white imp but does no damage.
The white imp barely misses you.
Aiming: Mindburst
Press: ? - help, Shift-Dir - straight line, f - orc priest, p - white imp
Aim: an orc priest, wielding a +0 flail and wearing a +0 chain mail (severely wounded, chance to affect: 65%)
The white imp's mind is blasted!!
You blow up the white imp!
A puff of flame appears from out of thin air!
The puff of flame misses you.
The orc priest invokes the aid of Beogh against you.
Beogh smites you!
* * * LOW HITPOINT WARNING * * *
You feel better.
A magic dart appears from out of thin air!
The magic dart hits you but does no damage.
The orc priest invokes the aid of Beogh against you.
Beogh smites you!
You die...

#...... #.....#
#.....# #$....#
#.....# #.....#
#.....#
#...oo###
#.....#@#
#...{)..#
#.....o.+###
#..........#
###+##.....####
#...#.........
#...##'###...
#........#...
#........# ..


You could see an orc priest.

Vanquished Creatures
  A sky beast (D:4)
  2 black bears (D:5)
  4 ogres
  A scorpion (D:5)
  A water moccasin zombie (D:5)
  3 hounds
  A jelly (D:5)
  An orc priest (D:5)
  3 iguanas (D:5)
  Ijyb (D:3)
  An orc wizard (D:5)
  4 adders
  A white imp (D:6)
  A worm (D:2)
  4 dart slugs
  4 orcs
  9 bats
  4 endoplasms
  9 goblins
  4 hobgoblins
  2 jackals (D:5)
  2 quokkas
  7 ball pythons
  3 frilled lizards (D:1)
  9 kobolds
  5 rats
87 creatures vanquished.

Notes
Turn   | Place    | Note
-------+----------+-------------------------------------------
     0 | D:1      | Quoreg the Demigod Ice Elementalist began the quest for the
                  | Orb.
     0 | D:1      | Reached XP level 1. HP: 14/14 MP: 5/5
   324 | D:1      | Reached XP level 2. HP: 19/20 MP: 4/7
   816 | D:1      | Reached XP level 3. HP: 24/26 MP: 9/9
  2665 | D:3      | Noticed Ijyb
  2668 | D:3      | Paralysed by Ijyb for 3 turns
  2675 | D:3      | Killed Ijyb
  2676 | D:3      | Reached XP level 4. HP: 18/33 MP: 6/12
  3043 | D:4      | Noticed an ogre
  3342 | D:4      | Learned a level 3 spell: Frozen Ramparts
  3346 | D:4      | Learned a level 3 spell: Ozocubu's Armour
  3407 | D:4      | Found a staircase to the Ecumenical Temple.
  3419 | D:4      | Noticed a sky beast
  3435 | D:4      | Killed a sky beast
  3436 | D:4      | Reached XP level 5. HP: 32/38 MP: 2/13
  3766 | D:4      | Noticed an ogre
  3772 | D:4      | Killed an ogre
  4144 | D:4      | Killed an ogre
  4145 | D:4      | Reached skill level 5 in Ice Magic
  4145 | D:4      | Reached XP level 6. HP: 45/45 MP: 4/14
  4414 | D:5      | Entered Level 5 of the Dungeon
  5027 | D:5      | Reached skill level 5 in Dodging
  5190 | D:5      | Reached XP level 7. HP: 50/50 MP: 13/15
  6157 | D:6      | HP: 2/50 [orc priest/divine providence (11)]
  6158 | D:6      | Killed from afar by an orc priest

Illustrated notes

Levels and vault maps discovered:
D:1:      dpeg_arrival_orchard, layout_loops_ring, minmay_cupped
D:2:      layout_basic, serial_rivers, chequers_serial_rivers_large_b,
          chequers_serial_rivers_large_a, chequers_serial_rivers_room_b,
          chequers_serial_rivers_micro_e, ebering_ecumenical_altar_petrified
D:3:      layout_basic, mainiacjoe_overflow_alcove_4, uniq_ijyb
D:4:      layout_loops_ring, mainiacjoe_overflow_concentric_impassable,
          minmay_temple_entry_butterflies, minmay_misc_feat_doors,
          chequers_serial_rivers_micro_d, kennysheep_dice
D:5:      layout_loops_corners, elyvilon_altar_4
D:6:      layout_gridville, nicolae_ru_great_annihilating_truth, kennysheep_mini

Skill      XL: |  1  2  3  4  5  6  7 |
---------------+----------------------+-----
Spellcasting   | 2 3 |  3.4
Ice Magic      | 4 5 6 |  6.2
Dodging        | 3 4 5 6 |  6.5
Stealth        | |  1.7

Action                   |  1- 3 |  4- 6 |  7- 9 || total
-------------------------+-------+-------+-------++-------
Melee: Spear             |    69 |    54 |       ||   123
       Unarmed           |     1 |       |       ||     1
       War axe           |       |     1 |    24 ||    25
 Cast: Freeze            |    58 |    31 |    21 ||   110
       Frozen Ramparts   |       |     7 |     5 ||    12
       Ozocubu's Armour  |       |     5 |     5 ||    10
Evoke: Wand              |       |       |     2 ||     2
  Use: Potion            |       |       |     2 ||     2
 Stab: Sleeping          |    13 |     1 |     2 ||    16
Armor: Robe              |    19 |    26 |    32 ||    77
Dodge: Dodged            |    61 |    42 |    76 ||   179

Table legend: (Time is in decaauts)
 A = Elapsed time spent in this place.
 B = Non-inter-level travel time spent in this place.
 C = Inter-level travel time spent in this place.
 D = Time resting spent in this place.
 E = Time spent auto-exploring this place.
 F = Levels seen in this place.
 G = Mean time per level.
                   A        B        C        D        E       F      G
               +--------+--------+--------+--------+--------+-----+--------+
         Total |   6221 |   5983 |    238 |    202 |   5026 |   6 | 1036.8 |
       Dungeon |   6221 |   5983 |    238 |    202 |   5026 |   6 | 1036.8 |
               +--------+--------+--------+--------+--------+-----+--------+

Top non-repeatable levels by time:
     D:5: 1591 daAuts
     D:1: 1250 daAuts
     D:4: 1171 daAuts
     D:3: 1074 daAuts
     D:2: 966 daAuts
     D:6: 167 daAuts
